 Dungeon Crawl Stone Soup version 0.18-a0-1542-g9c1a92e (console) character file.

654 Liam the Magician (level 7, 0/36 HPs)
             Began as a Deep Elf Conjurer on Mar 10, 2016.
             Slain by an orc
             ... wielding a +1 flail of protection
              (8 damage)
             ... on level 6 of the Dungeon.
             The game lasted 00:09:00 (4887 turns).

Liam the Magician (Deep Elf Conjurer)               Turns: 4887, Time: 00:09:01

Health: 0/36       AC:  7    Str:  2 (5)  XL:     7   Next: 29%
Magic:  1/20       EV: 12    Int: 19 (22) God:
Gold:   139        SH:  0    Dex: 12 (15) Spells: 3 memorised, 11 levels left

rFire  . . .     SeeInvis .     (no weapon)
rCold  . . .     Gourm    .     a - +0 robe
rNeg   . . .     Faith    .     (no shield)
rPois  .         Spirit   .     p - +0 helmet
rElec  .         Dismiss  .     t - +1 cloak {+Inv}
rCorr  .         Reflect  .     j - +0 pair of gloves
SustAt .         Harm     .     m - +0 pair of boots
MR     .....                    (no amulet)
Stlth  +++.......               (no ring)
                                l - ring of stealth

@: not resistant to hostile enchantments, fairly stealthy
A: no striking features
a: Evoke Invisibility


You were on level 6 of the Dungeon.
You were hungry.

You visited 1 branch of the dungeon, and saw 6 of its levels.

You collected 139 gold pieces.

Inventory:

Armour
 a - a +0 robe (worn)
 j - a +0 pair of gloves (worn)
 m - a +0 pair of boots (worn)
 p - a +0 helmet (worn)
 t - a +1 cloak of invisibility (worn)
Jewellery
 l - a ring of stealth (left hand)
 s - an uncursed amulet of guardian spirit {unknown}
 x - a +3 ring of strength {unknown}
Scrolls
 e - 2 scrolls of recharging {unknown}
 h - 3 scrolls of immolation {unknown}
 k - a scroll of noise {unknown}
 n - 4 scrolls of identify {unknown}
 q - a scroll of remove curse {unknown}
 r - a scroll of enchant weapon {unknown}
 u - a scroll of enchant armour {unknown}
 w - a scroll of blinking {unknown}
Potions
 d - a potion of curing
Books
 b - a book of Conjurations

   Spells                             Type                      Level
   a - Magic Dart                     Conjuration                  1
   b - Searing Ray                    Conjuration                  2
   c - Dazzling Spray                 Conjuration/Hexes            3
   d - Fulminant Prism                Conjuration/Hexes            4
   e - Iskenderun's Mystic Blast      Conjuration                  4
   f - Iskenderun's Battlesphere      Conjuration/Charms           5
Comestibles
 c - 6 bread rations
 f - a royal jelly
 o - 2 fruits


   Skills:
 - Level 2.4 Dodging
 - Level 2.4 Stealth
 + Level 7.9 Spellcasting
 + Level 7.6 Conjurations


You had 11 spell levels left.
You knew the following spells:

 Your Spells              Type           Power        Failure   Level  Hunger
a - Magic Dart            Conj           ####         1%          1    None
p - Iskenderun's Battles  Conj/Chrm      ###.....     63%         5    #####..
x - Iskenderun's Mystic   Conj           #####...     4%          4    ###....


Dungeon Overview and Level Annotations

Branches:
Dungeon (6/15)
 Temple: D:4-7

Altars:
Dithmenos
Gozag
Nemelex Xobeh
Qazlal
Sif Muna
The Shining One

Annotations:
D:2 Crazy Yiuf
D:4 Menkaure
D:5 Prince Ribbit


Message History

Aiming: Magic Dart
Press: ? - help, Shift-Dir - straight line, f/p - orc
Aim: an orc, wielding a flail of protection and wearing a ring mail (severely wounded)
The magic dart hits the orc.
The orc is severely wounded.
The orc hits you but does no damage.
You hit the orc but do no damage.
The orc is severely wounded.
The orc barely misses you.
You hit the orc but do no damage.
The orc is heavily wounded.
You closely miss the orc.
The orc is heavily wounded.
The orc hits you with a flail of protection.
You closely miss the orc.
The orc is heavily wounded.
The orc hits you with a flail of protection.
* * * LOW HITPOINT WARNING * * *
The orc hits you with a flail of protection!
You die...

### ..## ...##
########### ....#
#.......o.# ....#
#......<.@# ....#
#.........# ...##
#.........#
..######.........##
..................###.#
########........).....#
#.............##
#..........##....
#................#


You could see an orc.

Vanquished Creatures
  An ogre (D:4)
  A howler monkey (D:4)
  A crimson imp (D:5)
  An orc priest (D:4)
  3 orc wizards
  3 iguanas
  2 worker ants
  2 hound skeletons
  4 gnolls
  9 adders
  An ooze (D:4)
  An adder skeleton (D:5)
  2 worms
  2 dart slugs
  4 giant geckos
  16 orcs
  A ball python (D:3)
  6 goblins
  4 hobgoblins
  2 quokkas
  7 bats
  6 giant newts
  7 kobolds
  4 rats
90 creatures vanquished.

Notes
Turn   | Place    | Note
--------------------------------------------------------------
     0 | D:1      | Liam the Deep Elf Conjurer began the quest for the Orb.
     0 | D:1      | Reached XP level 1. HP: 10/10 MP: 6/6
   218 | D:1      | Reached XP level 2. HP: 13/15 MP: 0/8
   674 | D:1      | Found an opulent altar of Gozag.
   764 | D:2      | Reached XP level 3. HP: 19/19 MP: 6/10
   832 | D:2      | Found a glowing golden altar of the Shining One.
   892 | D:2      | Reached skill level 5 in Conjurations
   944 | D:2      | Found a shadowy altar of Dithmenos.
  1596 | D:2      | Noticed Crazy Yiuf
  2006 | D:3      | Reached XP level 4. HP: 24/24 MP: 9/12
  2095 | D:3      | Learned a level 4 spell: Iskenderun's Mystic Blast
  2123 | D:3      | Found a sparkling altar of Nemelex Xobeh.
  2387 | D:3      | Reached skill level 5 in Spellcasting
  2520 | D:3      | Found a deep blue altar of Sif Muna.
  2891 | D:3      | Reached XP level 5. HP: 28/28 MP: 9/14
  3093 | D:4      | Learned a level 5 spell: Iskenderun's Battlesphere
  3234 | D:4      | Noticed an ogre
  3358 | D:4      | Killed an ogre
  3430 | D:4      | Noticed Menkaure
  3533 | D:4      | Found a stormy altar of Qazlal.
  3536 | D:4      | Reached XP level 6. HP: 29/32 MP: 7/17
  3936 | D:5      | Entered Level 5 of the Dungeon
  4189 | D:5      | Noticed Prince Ribbit
  4324 | D:5      | Reached XP level 7. HP: 36/36 MP: 11/19
  4887 | D:6      | Slain by an orc

Vault maps used:
D:1:      dpeg_arrival_water_altar, minmay_tree_intersection
D:2:      wad_lake_hut, grunt_dithmenos_smoke_and_mirrors, tso_metal_star,
          uniq_crazy_yiuf_cottage
D:3:      lemuel_coloured_pillars_altar, lemuel_blue_sif_altar, first_bread
D:4:      grunt_qazlal_sundering, uniq_menkaure
D:5:      ashenzari_altar_1, uniq_prince_ribbit1
D:6:      old_standard_altar, nicolae_overflow_crystal_walls, slow_altar_1,
          minmay_temple_entry_trees

Skill      XL: |  1  2  3  4  5  6 |
---------------+-------------------+-----
Spellcasting   | 4 5 6 7 |  7.9
Conjurations   | 5 6 7 |  7.6
Dodging        | |  2.4
Stealth        | |  2.4

Action                   |  1- 3 |  4- 6 |  7- 9 || total
-------------------------+-------+-------+-------++-------
Melee: Unarmed           |     4 |       |    13 ||    17
 Cast: Magic Dart        |    67 |   101 |    40 ||   208
       Iskenderun's Myst |       |    17 |    10 ||    27
  Use: Potion            |       |       |     5 ||     5
  Eat: Chunk             |     3 |     9 |     2 ||    14
